 Dungeon Crawl Stone Soup version 0.23.2-11-gf996548c65 (webtiles) character file.

Game seed: 6348222238685097368

14 Elsur the Grave Robber (level 2, -2/15 HPs)
             Began as a Deep Elf Necromancer on June 5, 2019.
             Slain by an adder (3 damage)
             ... on level 2 of the Dungeon on June 6, 2019.
             The game lasted 00:14:27 (1060 turns).

Elsur the Grave Robber (Deep Elf Necromancer)       Turns: 1060, Time: 00:14:27

Health: -2/15      AC:  2    Str:  5    XL:     2   Next: 27%
Magic:  3/8        EV: 13    Int: 19    God:
Gold:   34         SH:  0    Dex: 15    Spells: 3/8 levels left

rFire    . . .     SeeInvis .   b - +2 dagger (venom)
rCold    . . .     Gourm    .   (no shield)
rNeg     . . .     Faith    .   a - +0 robe
rPois    .         Spirit   .   (no helmet)
rElec    .         Reflect  .   (no cloak)
rCorr    .         Harm     .   (no gloves)
MR       .....                  (no boots)
Stlth    ++........             (no amulet)
HPRegen  0.05/turn              (no ring)
MPRegen  0.11/turn              (no ring)

@: lethally poisoned (-2 -> -6)
A: no striking features
a: no special abilities


You were on level 2 of the Dungeon.
You were not hungry.

You visited 1 branch of the dungeon, and saw 2 of its levels.

You collected 34 gold pieces.

Inventory:

Hand Weapons
 b - a +2 dagger of venom (weapon)
Missiles
 g - 50 bolts
Armour
 a - a +0 robe (worn)
Scrolls
 d - a scroll of identify {unknown}
 e - a scroll of enchant weapon {unknown}
 f - a scroll of remove curse {unknown}
Potions
 h - a potion of lignification {unknown}
Comestibles
 c - a ration
 i - 2 inedible chunks of flesh
 j - a chunk of flesh


   Skills:
 + Level 2.4 Dodging
 + Level 2.5 Stealth
 + Level 3.7 Spellcasting
 + Level 5.1 Necromancy


You had 3 spell levels left.
You knew the following spells:

 Your Spells              Type           Power        Failure   Level  Hunger
a - Pain                  Necr           ###.         1%          1    None
b - Animate Skeleton      Necr           N/A          1%          1    None
c - Shock                 Conj/Air       #...         14%         1    None
d - Swiftness             Chrm/Air       #.......     22%         2    ##.....

Your spell library contained the following spells:

 Spells                   Type           Power        Failure   Level  Hunger
 Vampiric Draining        Necr           ###.......   5%          3    ###....
 Regeneration             Chrm/Necr      ##........   16%         3    ###....
 Static Discharge         Conj/Air       #.......     38%         3    ###....
 Animate Dead             Necr           N/A          17%         4    ####...
 Airstrike                Air            #.........   80%         4    ####...
 Lightning Bolt           Conj/Air       #.........   98%         5    ######.


Dungeon Overview and Level Annotations

Branches:
Dungeon (2/15)

Altars:


Message History

Fall back!
The adder barely misses your kobold skeleton.
You see here a leather armour.
The adder barely misses your kobold skeleton.
You swap places.
You see here a leather armour.
Casting: Shock (safe; 14% risk of failure)
Confirm with . or Enter, or press ? or * to list all spells.
Aiming: Shock (safe; 14% risk of failure)
Press: ? - help, Shift-Dir - straight line, f - adder
Aim: an adder (lightly wounded)
The zap hits the adder.
The adder is lightly wounded.
The adder bites you.
* * * LOW HITPOINT WARNING * * *
You are lethally poisoned!
The adder poisons you!
* * * LOW HITPOINT WARNING * * *
You feel sick. The adder bites you.
You die...

##############
##............####
####...####........[.
#...........#.##.##.
#########.##@.Z###..#.#
#..........S........#.#
#.#######..#...###.##Z#
#.#
#........#.###.##.##.#
#.#
#.###..###.........#.#
#.# #..# ####.##..#.#
... #... # #..#.# ..#
#.### #..#.# ... #.#
#..#.####


You could see an adder and a friendly kobold skeleton.

Vanquished Creatures
  An adder (D:2)
  3 hobgoblins (D:1)
  A frilled lizard (D:2)
  A kobold (D:2)
  2 bushes (D:1)
8 creatures vanquished.

Vanquished Creatures (collateral kills)
  A bush (D:1)
1 creature vanquished.

Grand Total: 9 creatures vanquished

Notes
Turn   | Place    | Note
-------+----------+-------------------------------------------
     0 | D:1      | Elsur the Deep Elf Necromancer began the quest for the Orb.
     0 | D:1      | Reached XP level 1. HP: 10/10 MP: 6/6
     2 | D:1      | Learned a level 1 spell: Animate Skeleton
   566 | D:1      | Reached skill level 5 in Necromancy
  1005 | D:2      | Learned a level 1 spell: Shock
  1034 | D:2      | Reached XP level 2. HP: 7/15 MP: 2/8
  1049 | D:2      | Learned a level 2 spell: Swiftness
  1060 | D:2      | Slain by an adder

Skill      XL: |  1 |
---------------+----+-----
Necromancy     | 5 |  5.1
Dodging        | |  2.4
Stealth        | |  2.5
Spellcasting   | |  3.7

Action                   || total
-------------------------++-------
Melee: Dagger            ||   117
 Cast: Pain              ||     9
       Animate Skeleton  ||     5
       Shock             ||     2
  Eat: Chunk             ||     1
Armor: Robe              ||     1
Dodge: Dodged            ||     1
